[Event "Titled Tuesday Blitz March 08 Late 2022"]
[White "Tristan, Leonardo"]
[Black "Praggnanandhaa R"]
[WhiteFideId "113816"]
[BlackFideId "25059530"]
[WhiteElo "2404"]
[BlackElo "2599"]
[Result "0-1"]
[Round "04"]
[TimeControl "180+1"]
[Date "2022.03.08"]
[WhiteClock "0:00:59"]
[BlackClock "0:01:33"]

1. e4 Nc6 2. Nf3 d6 3. d4 Nf6 4. Nc3 g6 5. Be2 Bg7 6. O-O O-O 7. h3 e5 8. dxe5 Nxe5 9. Nxe5 dxe5 10. Be3 Qe7 11. Bc4 c6 12. a4 Qb4 13. Qd3 Bd7 14. a5 Rfd8 15. Ra4 Qe7 16. Qe2 Nh5 17. b4 Nf4 18. Qf3 Ne6 19. Ne2 c5 20. b5 a6 21. Rb1 axb5 22. Bxb5 Bxb5 23. Rxb5 Qd7 24. Nc3 Nd4 25. Bxd4 exd4 26. e5 dxc3 27. Rxb7 Qd1+ 28. Qxd1 Rxd1+ 29. Kh2 Bxe5+ 30. f4 Bd6 31. a6 Rd4 32. Rxd4 cxd4 33. a7 d3 34. Rb6 dxc2 35. Rxd6 c1=Q 0-1


[Site "https://www.chess.com"]

[Event "Titled Tuesday Blitz March 08 Late 2022"]
[White "Vargas, Gabriela"]
[Black "Jaferian, Koosha"]
[WhiteFideId "3700860"]
[BlackFideId "12507440"]
[WhiteElo "2399"]
[BlackElo "2619"]
[Result "0-1"]
[Round "04"]
[TimeControl "180+1"]
[Date "2022.03.09"]
[WhiteClock "0:00:23"]
[BlackClock "0:00:18"]

1. d4 Nf6 2. Nf3 e6 3. Bg5 Be7 4. Nbd2 d5 5. e3 O-O 6. Bd3 c5 7. c3 b6 8. Ne5 Ba6 9. Bxa6 Nxa6 10. Nc6 Qd7 11. Nxe7+ Qxe7 12. O-O h6 13. Bh4 Rac8 14. f4 Nc7 15. Nf3 Rfd8 16. Ne5 Nce8 17. Qf3 Qc7 18. Bxf6 Nxf6 19. g4 Ne4 20. f5 Nd2 21. Qh3 Nxf1 22. Rxf1 exf5 23. gxf5 Rd6 24. f6 Rxf6 25. Rxf6 gxf6 26. Qg4+ Kf8 27. Nf3 Ke7 28. Nh4 Qd7 29. Nf5+ Kd8 30. Qf4 Qe6 31. Kf2 Kd7 32. h4 h5 33. Ng7 Qe4 34. Qxf6 Qc2+ 35. Kf3 Qd1+ 36. Kf2 Qc2+ 37. Kf3 Qg6 38. Qe5 Rg8 39. Qxd5+ Kc7 40. Qe5+ Kb7 41. Nxh5 Qg2+ 42. Kf4 Qg4# 0-1


[Site "https://www.chess.com"]

[Event "Titled Tuesday Blitz March 08 Late 2022"]
[White "Vargas Pereda, Jesus Manue"]
[Black "Chernomordik, Pavel"]
[WhiteFideId "5115710"]
[BlackFideId "2804530"]
[WhiteElo "1780"]
[BlackElo "2249"]
[Result "0-1"]
[Round "04"]
[TimeControl "180+1"]
[Date "2022.03.09"]
[WhiteClock "0:00:09"]
[BlackClock "0:00:48"]

1. d4 g6 2. e4 Bg7 3. Be3 d6 4. Nc3 a6 5. Qd2 b5 6. Nf3 Bb7 7. d5 Nf6 8. Bd3 c6 9. dxc6 Nxc6 10. O-O O-O 11. Bh6 Rc8 12. Rfe1 e5 13. Rad1 Qb6 14. Be3 Qc7 15. Bf1 Rfd8 16. Bg5 Ne7 17. Bh6 b4 18. Nd5 Nfxd5 19. exd5 Bxd5 20. Bxg7 Kxg7 21. Bxa6 Ra8 22. Bf1 Bxf3 23. gxf3 Nf5 24. Re4 Rxa2 25. Rxb4 Nd4 26. Rxd4 exd4 27. Qxd4+ Kg8 28. Bc4 Ra5 29. Bb3 Rf5 30. c3 Rxf3 31. Re1 Rf5 32. Qh4 Qc5 33. Qxd8+ Kg7 34. Qh4 Qb6 35. Bd1 Qxb2 36. Bf3 Rxf3 37. Qd4+ Rf6 38. Re3 Qb1+ 39. Kg2 Qf5 40. Rf3 Qxf3+ 41. Kg1 g5 42. h4 gxh4 43. Qxh4 Rg6+ 44. Kf1 Qd1# 0-1


[Site "https://www.chess.com"]

[Event "Titled Tuesday Blitz March 08 Late 2022"]
[White "Vifleemskaia, Svetlana"]
[Black "Urbina Perez, Juan Antonio"]
[WhiteFideId "4129490"]
[BlackFideId "2217368"]
[WhiteElo "2327"]
[BlackElo "2506"]
[Result "1/2-1/2"]
[Round "04"]
[TimeControl "180+1"]
[Date "2022.03.09"]
[WhiteClock "0:00:04"]
[BlackClock "0:00:16"]

1. d4 e6 2. c4 Nf6 3. Nc3 Bb4 4. e3 O-O 5. Ne2 b6 6. a3 Be7 7. d5 Bb7 8. e4 e5 9. g3 a5 10. Bg2 Re8 11. O-O d6 12. h3 Nbd7 13. Be3 Nc5 14. b4 Ncd7 15. Qb3 Bf8 16. Rfb1 Ba6 17. Nc1 Qe7 18. Nd3 g6 19. Nb5 Rec8 20. Rc1 Nh5 21. Bf3 Ng7 22. Bg4 f5 23. Bf3 fxe4 24. Bxe4 Nf5 25. Bxf5 gxf5 26. f4 Bg7 27. Rab1 Nf6 28. fxe5 dxe5 29. Rf1 Ne4 30. Rxf5 Nxg3 31. Rf3 Ne2+ 32. Kf2 Bxb5 33. cxb5 Qh4+ 34. Kxe2 e4 35. Rf4 exd3+ 36. Qxd3 Qh5+ 37. Kf2 Rf8 38. Rg1 Rxf4+ 39. Bxf4 Rf8 40. Rg4 Kh8 41. Kg3 axb4 42. axb4 Be5 43. Qe4 Bxf4+ 44. Rxf4 Rxf4 45. Qxf4 Qxd5 46. Qf8+ Qg8+ 47. Qxg8+ Kxg8 48. Kf4 Kf8 49. Kf5 Kf7 50. Ke5 Ke7 51. Kd5 Kd7 52. Ke5 Ke7 53. Kd5 Kd7 54. Ke5 Ke7 1/2-1/2


[Site "https://www.chess.com"]

[Event "Titled Tuesday Blitz March 08 Late 2022"]
[White "Wagner, Dennis"]
[Black "Ronka, Erik"]
[WhiteFideId "24650684"]
[BlackFideId "505080"]
[WhiteElo "2355"]
[BlackElo "2264"]
[Result "1/2-1/2"]
[Round "04"]
[TimeControl "180+1"]
[Date "2022.03.08"]
[WhiteClock "0:00:12"]
[BlackClock "0:00:24"]

1. d4 d5 2. c4 dxc4 3. Nf3 c6 4. e3 Be6 5. Nc3 Nf6 6. Be2 g6 7. O-O Bg7 8. a4 O-O 9. Ne5 c5 10. dxc5 Qc7 11. Nxc4 Qxc5 12. b3 Nd5 13. Ba3 Nxc3 14. Bxc5 Nxd1 15. Raxd1 Nc6 16. Bf3 Rac8 17. Bxc6 Rxc6 18. Bxa7 Bxc4 19. bxc4 Ra6 20. Bd4 Rxa4 21. c5 Bxd4 22. Rxd4 Rxd4 23. exd4 Rd8 24. Rd1 Rd5 25. f4 f6 26. Kf2 e5 27. fxe5 fxe5 28. Ke2 exd4 29. Rc1 Kf7 30. Kd3 Ke6 31. Re1+ Re5 32. Rb1 Rxc5 33. Rxb7 h5 34. Rb6+ Kf5 35. Kxd4 Rc2 36. g3 Rxh2 37. Ke3 Ra2 38. Kf3 Ra3+ 39. Kg2 Ra4 40. Rc6 Kg4 41. Rxg6+ Kf5 42. Rg8 Rg4 43. Rf8+ Kg5 44. Kh3 Rc4 45. Ra8 Rc3 46. Ra5+ Kg6 47. Kh4 Rc4+ 48. Kh3 Rc3 49. Rb5 Rc4 50. Ra5 Rd4 51. Rc5 Re4 52. Rb5 Rc4 53. Kg2 Rd4 54. Kf3 Rc4 55. Ke3 Rc3+ 56. Kf4 Rc4+ 57. Kf3 Rc3+ 58. Kg2 Rc4 59. Kh3 Rd4 60. Rc5 Re4 61. Rd5 Rc4 62. Rd8 Rb4 63. Rg8+ Kh7 64. Rg5 Kh6 65. Rd5 Kg6 66. Rc5 Rd4 67. Rb5 Rc4 1/2-1/2


[Site "https://www.chess.com"]

[Event "Titled Tuesday Blitz March 08 Late 2022"]
[White "Wartiovaara, Oliver"]
[Black "Gracia Alvarez, Gerardo Antonio"]
[WhiteFideId "513024"]
[BlackFideId "5109124"]
[WhiteElo "1971"]
[BlackElo "2139"]
[Result "1/2-1/2"]
[Round "04"]
[TimeControl "180+1"]
[Date "2022.03.09"]
[WhiteClock "0:00:02"]
[BlackClock "0:00:03"]

1. e4 c5 2. Nf3 Nc6 3. Bb5 d6 4. O-O Bd7 5. c3 Nf6 6. Re1 a6 7. Bf1 Bg4 8. d4 cxd4 9. cxd4 e5 10. d5 Nd4 11. Be3 Nxf3+ 12. gxf3 Bd7 13. Nd2 b5 14. a4 Be7 15. axb5 axb5 16. Qb3 O-O 17. Ra3 Nh5 18. Rea1 Rb8 19. Qb4 f5 20. Ra5 Bg5 21. exf5 Bxe3 22. fxe3 Qg5+ 23. Kf2 Qxf5 24. Bxb5 Nf6 25. Bxd7 Qxd7 26. Qc3 Qb7 27. e4 Rfc8 28. Qd3 Qxb2 29. Ra7 Rc2 30. Ke2 Rc3 31. Qa6 Rc2 32. Qd3 Rc3 33. Qa6 Rc2 34. Qd3 1/2-1/2


[Site "https://www.chess.com"]

[Event "Titled Tuesday Blitz March 08 Late 2022"]
[White "Winkels, Marcel"]
[Black "Sanchez, Robert"]
[WhiteFideId "1003887"]
[BlackFideId "2034360"]
[WhiteElo "1900"]
[BlackElo "2277"]
[Result "0-1"]
[Round "04"]
[TimeControl "180+1"]
[Date "2022.03.09"]
[WhiteClock "0:00:07"]
[BlackClock "0:00:47"]

1. b3 d6 2. Bb2 Nc6 3. e3 e5 4. d4 e4 5. Bb5 d5 6. Ne2 Nf6 7. c4 a6 8. cxd5 Qxd5 9. Bc4 Qg5 10. Ng3 h5 11. h4 Qg6 12. Nc3 Bd6 13. Nge2 Qxg2 14. Rg1 Qh2 15. Rxg7 Rf8 16. a4 Bf5 17. Qc2 Nb4 18. Qd2 Ng4 19. O-O-O Qxf2 20. Nf4 Qxe3 21. Nfd5 Nxd5 22. Nxd5 Qxd2+ 23. Kxd2 O-O-O 24. Ne3 Bf4 25. Re1 Nxe3 26. Rxe3 Bg6 27. Ke2 Bxe3 28. Kxe3 Rg8 29. d5 Rxg7 30. Bxg7 Rg8 31. Bf6 Bf5 32. Bg5 Bd7 33. d6 Be6 34. dxc7 Bxc4 35. bxc4 Kxc7 36. Kxe4 Rg6 37. Kf5 Kc6 38. Be3 Rg4 39. c5 Rxa4 40. Bg5 Kxc5 41. Kf6 Kd5 42. Kxf7 b5 43. Kg6 b4 44. Kxh5 b3 45. Bf6 Rd4 46. Kg5 b2 47. Bxd4 Kxd4 48. h5 b1=Q 49. h6 Qh7 50. Kh5 a5 51. Kg5 a4 52. Kh5 a3 53. Kg5 a2 54. Kh5 a1=Q 55. Kg5 Qg1+ 56. Kf6 Qf2+ 57. Ke6 Qg6+ 58. Kd7 Qff7+ 0-1


[Site "https://www.chess.com"]

[Event "Titled Tuesday Blitz March 08 Late 2022"]
[White "Yuan, Qingyu"]
[Black "Kushko, Dmitriy"]
[WhiteFideId "8609772"]
[BlackFideId "14162261"]
[WhiteElo "2765"]
[BlackElo "2535"]
[Result "1-0"]
[Round "04"]
[TimeControl "180+1"]
[Date "2022.03.09"]
[WhiteClock "0:00:07"]
[BlackClock "0:00:09"]

1. e4 d6 2. d4 Nf6 3. Nc3 g6 4. Be3 c6 5. a4 Bg7 6. Nf3 O-O 7. Qd2 Qc7 8. Be2 Nbd7 9. O-O b6 10. Bh6 Bb7 11. Rfe1 Rfd8 12. Bxg7 Kxg7 13. Bd3 e5 14. Ne2 c5 15. dxc5 Nxc5 16. Ng3 Ne6 17. Ra3 Nf4 18. Rc3 Qe7 19. Bc4 Rac8 20. Bb3 Rxc3 21. Qxc3 Rc8 22. Qd2 h6 23. Nd4 Kf8 24. Nb5 a6 25. Nc3 Rd8 26. Nf1 Kg7 27. Qe3 Qc7 28. Nd2 Qc5 29. Nc4 Qxe3 30. Rxe3 d5 31. exd5 N6xd5 32. Nxd5 Bxd5 33. Rxe5 Bxg2 34. Ne3 Bc6 35. Re7 Nh3+ 36. Kf1 Rd7 37. Rxd7 Bxd7 38. Nd5 b5 39. a5 Ng5 40. Nb4 Bc8 41. Bd5 Nh3 42. b3 Nf4 43. c4 bxc4 44. Bxc4 Kf6 45. Nxa6 Ke5 46. Nb4 f5 47. a6 Kd6 48. a7 Bb7 49. Bb5 Kc7 50. Bc6 Bxc6 51. Nxc6 Kb7 52. b4 Nd5 53. b5 Nc7 54. Ne7 Nxb5 55. Nxg6 Nd6 56. Kg2 Kxa7 57. Kf3 Kb7 58. Kf4 Kc6 59. Ne7+ Kd7 60. Nxf5 Nf7 61. Nd4 Ke7 62. Kf5 h5 63. f4 Nd6+ 64. Kg5 h4 65. Kxh4 Kf6 66. Kg4 Ne4 67. Nf3 Nf2+ 68. Kg3 Ne4+ 69. Kg4 Nf2+ 70. Kh4 Ne4 71. Nd4 Nf2 72. Kg3 Ne4+ 73. Kf3 Nd2+ 74. Kg4 Nf1 75. h4 Ne3+ 76. Kf3 Nd5 77. Ne2 Kg6 78. Ng3 Nf6 79. f5+ Kh6 80. Kf4 Nd5+ 81. Ke5 Ne3 82. f6 Kg6 83. Ke6 Ng2 84. f7 Nf4+ 85. Ke7 Nd5+ 86. Ke8 Nc7+ 87. Kd7 Kxf7 88. Kxc7 Kf6 89. h5 Ke5 90. Kd7 Kf6 91. Ke8 Kg5 92. Kf7 Kh6 93. Kg8 Kg5 94. Kg7 1-0


[Site "https://www.chess.com"]

[Event "Titled Tuesday Blitz March 08 Late 2022"]
[White "Zivkovic, Nemanja"]
[Black "Jakubowska, Anna"]
[WhiteFideId "942154"]
[BlackFideId "1121952"]
[WhiteElo "2587"]
[BlackElo "2359"]
[Result "0-1"]
[Round "04"]
[TimeControl "180+1"]
[Date "2022.03.09"]
[WhiteClock "0:02:09"]
[BlackClock "0:02:21"]

1. e4 c6 2. d4 d5 3. e5 Bf5 4. Nf3 e6 5. Be2 Ne7 6. Nbd2 Nd7 7. Nb3 h6 8. O-O Qc7 9. Be3 g5 10. Ne1 c5 11. c3 c4 12. Nd2 Bg7 13. f4 O-O-O 14. fxg5 hxg5 15. Bxg5 f6 16. Bf4 fxe5 17. Bg3 Qb6 18. Ndf3 exd4 19. Nxd4 e5 0-1


[Site "https://www.chess.com"]

[Event "Titled Tuesday Blitz March 08 Late 2022"]
[White "orkinyo12345"]
[Black "Gadimbayli, Abdulla"]
[BlackFideId "13404938"]
[WhiteElo "2509"]
[BlackElo "2311"]
[Result "1-0"]
[Round "04"]
[TimeControl "180+1"]
[Date "2022.03.08"]
[WhiteClock "0:00:37"]
[BlackClock "0:00:37"]

1. c4 Nf6 2. Nc3 Nc6 3. Nf3 e5 4. e4 Bc5 5. Nxe5 Nxe5 6. d4 Bb4 7. dxe5 Nxe4 8. Qf3 Nxc3 9. bxc3 Ba5 10. Be2 Qe7 11. Qg3 O-O 12. Bg5 Qa3 13. O-O Qxc3 14. Bd3 d6 15. Bf6 g6 16. Qg5 Qd2 17. f4 Bh3 18. Rf2 Bb6 19. Rf1 Bxf2+ 20. Rxf2 Qd1+ 21. Bf1 Qh5 22. Qxh5 gxh5 23. gxh3 Rfe8 24. Rg2+ Kf8 25. Rg7 Re6 26. Rxh7 Rxf6 27. exf6 Kg8 28. Rg7+ Kf8 29. Be2 1-0


[Site "https://www.chess.com"]

[Event "Titled Tuesday Blitz March 08 Late 2022"]
[White "Adewumi, Tanitoluwa"]
[Black "Pichot, Alan"]
[WhiteFideId "30966396"]
[BlackFideId "110973"]
[WhiteElo "2551"]
[BlackElo "2579"]
[Result "1-0"]
[Round "05"]
[TimeControl "180+1"]
[Date "2022.03.08"]
[WhiteClock "0:00:06"]
[BlackClock "0:00:06"]

1. Nf3 d5 2. b3 Nf6 3. Bb2 Bf5 4. e3 e6 5. d3 h6 6. Nbd2 a5 7. a3 Nbd7 8. g3 a4 9. b4 c5 10. b5 Be7 11. Qe2 O-O 12. Bg2 Bh7 13. O-O Qc7 14. c4 Rfd8 15. Rad1 Nb6 16. Ne5 Nfd7 17. Nxd7 Rxd7 18. Qg4 Bf8 19. cxd5 Nxd5 20. Nc4 Nb6 21. Be5 Qd8 22. Bf6 Qc7 23. Be5 Qd8 24. Bf6 Qxf6 25. Nxb6 Rad8 26. Nxd7 Rxd7 27. Be4 Bxe4 28. Qxe4 Qc3 29. Qxa4 Rxd3 30. Rxd3 Qxd3 31. b6 c4 32. Rc1 c3 33. Qc2 Qd6 34. Qxc3 Qxb6 35. Qc7 Qxc7 36. Rxc7 Bxa3 37. Rxb7 g6 38. Kg2 Bf8 39. Kf3 Kg7 40. Ke2 Bd6 41. f4 Kf6 42. Kf3 Bc5 43. e4 Bd4 44. e5+ Kg7 45. Ke4 Bg1 46. h3 Bh2 47. Kf3 Bg1 48. g4 Bd4 49. Ke4 Bc3 50. f5 gxf5+ 51. gxf5 exf5+ 52. Kxf5 Kg8 53. Rb8+ Kg7 54. Rb7 Kg8 55. Rc7 Bb2 56. h4 Kf8 57. h5 Kg8 58. Kf6 Ba1 59. Rc8+ Kh7 60. Rf8 Bd4 61. Rxf7+ Kg8 62. Rd7 Be3 63. Kf5 Bg5 64. e6 Kf8 65. Kg6 Ke8 66. Rh7 Kf8 67. Rxh6 Bxh6 68. Kxh6 1-0


[Site "https://www.chess.com"]

[Event "Titled Tuesday Blitz March 08 Late 2022"]
[White "Arabidze, Meri"]
[Black "Mikhalsky, Vladimir"]
[WhiteFideId "13604040"]
[BlackFideId "14144352"]
[WhiteElo "2335"]
[BlackElo "2301"]
[Result "1-0"]
[Round "05"]
[TimeControl "180+1"]
[Date "2022.03.09"]
[WhiteClock "0:00:14"]
[BlackClock "0:00:08"]

1. Nf3 c5 2. g3 Nc6 3. Bg2 e5 4. e4 g6 5. Nc3 Bg7 6. O-O Nge7 7. d3 O-O 8. Bg5 h6 9. Be3 d6 10. Qd2 Kh7 11. Nd5 f5 12. exf5 Nxd5 13. fxg6+ Kh8 14. Bxh6 Bf5 15. Nh4 Nce7 16. Qg5 Qd7 17. Bxd5 Nxd5 18. Qh5 Bxh6 19. Qxh6+ Kg8 20. g7 Qxg7 21. Qxd6 Rad8 22. Qxc5 Bh3 23. Rfe1 Qf6 24. Re2 Bg4 25. Re4 Bh3 26. Re2 b6 27. Qc4 Qf7 28. Qe4 Rde8 29. Rae1 Nf6 30. Qg6+ Qxg6 31. Nxg6 Rf7 32. Rxe5 Rxe5 33. Nxe5 Re7 34. Nf3 Rxe1+ 35. Nxe1 Be6 36. a3 Nd5 37. Ng2 b5 38. f4 b4 39. axb4 Nxb4 40. Ne3 Ba2 41. d4 Bb1 42. c3 Nc2 43. Nxc2 Bxc2 44. Kf2 Kf7 45. g4 Ke6 46. h4 Kf6 47. h5 Bd1 48. Kg3 a5 49. g5+ Kf5 50. h6 Kg6 51. f5+ Kh7 52. f6 Bb3 53. Kf4 Kg6 54. Ke5 Bf7 55. d5 Bg8 56. d6 Bf7 57. d7 1-0


[Site "https://www.chess.com"]

[Event "Titled Tuesday Blitz March 08 Late 2022"]
[White "Ardila, Oscar Humberto"]
[Black "Sliwicki, Damian"]
[WhiteFideId "4404742"]
[BlackFideId "1127128"]
[WhiteElo "1966"]
[BlackElo "2067"]
[Result "0-1"]
[Round "05"]
[TimeControl "180+1"]
[Date "2022.03.09"]
[WhiteClock "0:00:14"]
[BlackClock "0:00:12"]

1. d4 Nf6 2. c4 e6 3. Nc3 d5 4. Bg5 Bb4 5. Qc2 O-O 6. Nf3 dxc4 7. e3 b6 8. Bxc4 Bb7 9. Be2 h6 10. Bxf6 Qxf6 11. O-O Bxc3 12. Qxc3 Nc6 13. Rac1 a6 14. b4 Qg6 15. a4 Rac8 16. b5 axb5 17. axb5 Ne7 18. Qa3 Nd5 19. Qa7 Rb8 20. Ne5 Qg5 21. Nc6 Bxc6 22. bxc6 Ra8 23. Qb7 Rfb8 24. Ra1 Qd8 25. Rxa8 Rxa8 26. Bf3 Ne7 27. h3 Nf5 28. d5 Nd6 29. Qxa8 Qxa8 30. dxe6 fxe6 31. Bg4 e5 32. Be6+ Kh7 33. Bd5 e4 34. f3 exf3 35. gxf3 Qa5 36. e4 Qd2 37. Rf2 Qe3 38. Kg2 Nf7 39. Bxf7 Qg5+ 40. Kh1 Qc1+ 41. Kg2 Qxc6 42. Bd5 Qd6 43. f4 c6 44. Bf7 Qe7 45. Bh5 Qxe4+ 46. Kh2 Qe3 47. Kg2 c5 48. Bd1 Qe4+ 49. Kh2 Qd4 50. Bc2+ Kg8 51. Kg2 c4 52. Bg6 Qd5+ 53. Kh2 b5 54. f5 Kf8 55. Re2 Qd6+ 56. Kg2 Qc6+ 57. Kf2 c3 58. Re8+ Qxe8 59. Bxe8 Kxe8 60. Ke3 b4 61. Kd3 Ke7 62. Kc2 Kf6 63. h4 Kxf5 64. Kb3 Kg4 0-1


[Site "https://www.chess.com"]

[Event "Titled Tuesday Blitz March 08 Late 2022"]
[White "Bacrot, Etienne"]
[Black "Fishbein, Alexander"]
[WhiteFideId "605506"]
[BlackFideId "2000377"]
[WhiteElo "2673"]
[BlackElo "2442"]
[Result "1-0"]
[Round "05"]
[TimeControl "180+1"]
[Date "2022.03.08"]
[WhiteClock "0:00:53"]
[BlackClock "0:00:38"]

1. e4 e5 2. Nf3 Nc6 3. Bc4 Nf6 4. d3 Be7 5. O-O O-O 6. a4 d6 7. Nc3 Be6 8. h3 a6 9. a5 d5 10. exd5 Nxd5 11. Nxd5 Bxd5 12. Qe2 Bxc4 13. dxc4 Nd4 14. Nxd4 exd4 15. Bd2 Bf6 16. Qd3 Re8 17. Qb3 Qd7 18. Rfe1 Qc6 19. Qd3 h6 20. b4 Rxe1+ 21. Rxe1 Re8 22. Rxe8+ Qxe8 23. b5 Qe6 24. c5 axb5 25. Qxb5 Qd5 26. Bf4 Bd8 27. Qe8+ Kh7 28. Bd2 c6 29. g3 h5 30. h4 Bf6 31. Qb8 d3 32. cxd3 Qxd3 33. Be3 Qb1+ 34. Kh2 Qb5 35. Qc7 Kg6 36. Qb6 Qa6 37. Qb1+ 1-0


[Site "https://www.chess.com"]

[Event "Titled Tuesday Blitz March 08 Late 2022"]
[White "Baker, Chris W"]
[Black "Martin Barcelo, Carles"]
[WhiteFideId "401676"]
[BlackFideId "24561444"]
[WhiteElo "2261"]
[BlackElo "1875"]
[Result "1-0"]
[Round "05"]
[TimeControl "180+1"]
[Date "2022.03.09"]
[WhiteClock "0:00:14"]
[BlackClock "0:00:01"]

1. c4 g6 2. Nf3 Bg7 3. g3 c5 4. Bg2 Nc6 5. O-O e5 6. Nc3 Nge7 7. d3 O-O 8. a3 d6 9. Rb1 a5 10. Bd2 Rb8 11. Qc1 Be6 12. Bh6 f6 13. Bxg7 Kxg7 14. Qd2 d5 15. cxd5 Nxd5 16. Ne4 b6 17. Rfc1 h6 18. Qc2 Qd7 19. e3 Rfd8 20. Nfd2 Rbc8 21. Bf1 f5 22. Nc3 Nde7 23. Nb5 g5 24. Nc4 Ng6 25. Qc3 Bxc4 26. dxc4 Qd2 27. Bg2 Qxc3 28. Nxc3 Nce7 29. Rd1 Kf6 30. Bd5 Rd7 31. e4 Rcd8 32. f3 f4 33. g4 Nh4 34. Kf2 Nc8 35. b4 axb4 36. axb4 cxb4 37. Rxb4 Ng6 38. Rb5 Nge7 39. Ra1 Rc7 40. Ra8 Rd6 41. Rb3 Rc5 42. Nb5 Rd8 43. Na7 Rf8 44. Rxb6+ Nxb6 45. Rxf8+ Kg7 46. Rf7+ Kg6 47. Rxe7 Nxc4 48. Re6+ Kg7 49. Bxc4 Rxc4 50. Nc6 Rc2+ 51. Kf1 Rxh2 52. Nxe5 1-0


[Site "https://www.chess.com"]

[Event "Titled Tuesday Blitz March 08 Late 2022"]
[White "Bashirli, Nail"]
[Black "Jacobson, Brandon"]
[WhiteFideId "13406809"]
[BlackFideId "30901561"]
[WhiteElo "2333"]
[BlackElo "2362"]
[Result "1-0"]
[Round "05"]
[TimeControl "180+1"]
[Date "2022.03.08"]
[WhiteClock "0:00:24"]
[BlackClock "0:00:02"]

1. e4 c5 2. Nc3 d6 3. Nf3 Nc6 4. d4 cxd4 5. Nxd4 Nf6 6. Bg5 e6 7. Qd2 a6 8. O-O-O Bd7 9. f4 Be7 10. Nf3 b5 11. Bxf6 gxf6 12. Kb1 b4 13. Ne2 h5 14. f5 e5 15. Nc1 Qb6 16. Bc4 Na5 17. Qd5 Nxc4 18. Qxa8+ Bd8 19. Qd5 Ne3 20. Qxd6 Nxd1 21. Rxd1 Qxd6 22. Rxd6 Bb5 23. Nd3 Ke7 24. Rd5 Bc4 25. Rc5 Bb5 26. Nxb4 Rg8 27. g3 Rg4 28. c4 Bd7 29. Nd2 h4 30. Nd5+ Kd6 31. b4 hxg3 32. hxg3 a5 33. Ne3 Rxg3 34. Rd5+ Ke7 35. Nc2 axb4 36. Nxb4 Rg2 37. Rd3 Be8 38. Nb3 Rh2 39. c5 Bb5 40. Rd1 Ke8 41. c6 Bb6 42. Nd5 1-0


[Site "https://www.chess.com"]

[Event "Titled Tuesday Blitz March 08 Late 2022"]
[White "Beerdsen, Thomas"]
[Black "Jobava, Baadur"]
[WhiteFideId "1030108"]
[BlackFideId "13601520"]
[WhiteElo "2585"]
[BlackElo "2617"]
[Result "0-1"]
[Round "05"]
[TimeControl "180+1"]
[Date "2022.03.08"]
[WhiteClock "0:00:05"]
[BlackClock "0:00:47"]

1. e4 d6 2. d4 Nf6 3. Nc3 e5 4. Nf3 Nbd7 5. g4 g6 6. g5 Nh5 7. Be2 Bg7 8. Be3 O-O 9. Qd2 c6 10. a4 Qe7 11. h4 Re8 12. O-O-O Nf8 13. Nh2 Nf4 14. Bxf4 exf4 15. Qxf4 a6 16. Ng4 Bxg4 17. Bxg4 b5 18. f3 bxa4 19. Nxa4 Rab8 20. b3 d5 21. Kb1 Qa3 22. Nb2 c5 23. Qd6 Rb5 24. h5 Reb8 25. Rd3 Ra5 26. Kc1 Qa1+ 27. Kd2 Qxh1 28. Qxb8 Ra1 29. Qg3 Qc1+ 30. Kc3 Ra2 0-1


[Site "https://www.chess.com"]

[Event "Titled Tuesday Blitz March 08 Late 2022"]
[White "Bellahcene, Bilel"]
[Black "Melkumyan, Hrant"]
[WhiteFideId "696358"]
[BlackFideId "13302485"]
[WhiteElo "2515"]
[BlackElo "2924"]
[Result "1-0"]
[Round "05"]
[TimeControl "180+1"]
[Date "2022.03.09"]
[WhiteClock "0:00:03"]
[BlackClock "0:00:09"]

1. d4 d5 2. Bf4 c5 3. e3 Nc6 4. Nf3 Bg4 5. Be2 e6 6. O-O Nf6 7. c3 Bd6 8. Ne5 Bxe2 9. Qxe2 Bxe5 10. Bxe5 Nxe5 11. dxe5 Nd7 12. f4 O-O 13. Nd2 b5 14. e4 Qb6 15. f5 c4+ 16. Kh1 Nxe5 17. f6 d4 18. Qh5 Ng6 19. Nf3 dxc3 20. fxg7 Kxg7 21. bxc3 Rad8 22. e5 Qe3 23. Ng5 h6 24. Rxf7+ Rxf7 25. Nxe6+ Kh7 26. Nxd8 Qxc3 27. Rd1 Re7 28. e6 Qe5 29. Qf3 c3 30. Nc6 c2 31. Nxe5 cxd1=Q+ 32. Qxd1 Nxe5 33. Qd6 Ng6 34. g4 Kg7 35. h4 Kf6 36. h5 Ne5 37. Qd2 Kg7 38. g5 Rxe6 39. Qd5 Re7 40. g6 Ng4 41. Qxb5 Nf6 42. Qa5 Rd7 43. a4 Re7 44. Qc5 Rd7 45. a5 Rb7 46. a6 Rd7 47. Qc6 Re7 48. Qb7 Rd7 49. Qc6 Re7 50. Kg2 Rd7 51. Kf3 Re7 52. Kf4 Nxh5+ 53. Kf5 Nf6 54. Qxf6+ 1-0


[Site "https://www.chess.com"]

[Event "Titled Tuesday Blitz March 08 Late 2022"]
[White "Bellissimo, Joseph F."]
[Black "Li, Ben"]
[WhiteFideId "2609843"]
[BlackFideId "2089980"]
[WhiteElo "2061"]
[BlackElo "2267"]
[Result "0-1"]
[Round "05"]
[TimeControl "180+1"]
[Date "2022.03.08"]
[WhiteClock "0:00:14"]
[BlackClock "0:00:11"]

1. e4 e5 2. Nf3 Nc6 3. Bc4 Bc5 4. c3 Nf6 5. d3 d6 6. Bb3 a6 7. h3 h6 8. Nbd2 Ba7 9. Nf1 Be6 10. Bc2 d5 11. Qe2 O-O 12. Ng3 Re8 13. O-O Qd7 14. Nh4 Rad8 15. Nhf5 b5 16. Qf3 dxe4 17. Nxh6+ gxh6 18. Qxf6 Bxh3 19. Bxh6 Qg4 20. d4 Re6 21. gxh3 Rxf6 22. hxg4 Rxh6 23. Bxe4 Re8 24. Nf5 Rg6 25. f3 exd4 26. Kg2 dxc3 27. bxc3 Ne5 28. Rh1 Nxg4 29. Nh6+ Rxh6 30. Rxh6 Nxh6 31. Rh1 Kg7 32. Kf1 f5 33. Bb7 Re6 34. Rh4 Be3 35. a4 f4 36. axb5 axb5 37. Rh5 c6 38. Bc8 Rd6 39. Ke2 c5 40. Rg5+ Kf6 41. Rh5 Nf7 42. Bb7 Ne5 43. Be4 Rd2+ 44. Ke1 Nd3+ 45. Bxd3 Rxd3 46. Rh6+ Ke5 47. Rh5+ Kd6 48. Rh6+ Kd5 49. Rh5+ Kc4 50. Ke2 Rxc3 51. Rh8 Rc2+ 52. Kf1 Rd2 53. Ke1 b4 54. Ra8 b3 55. Ra4+ Kc3 56. Ra8 b2 57. Rb8 Rc2 58. Kd1 Rc1+ 59. Ke2 b1=Q 60. Rb3+ Kd4 61. Rb4+ Kd5 62. Rxb1 Rxb1 63. Kd3 Rf1 64. Ke2 Rxf3 65. Kd3 Rh3 66. Ke2 Bd2 67. Kd1 Kd4 68. Kc2 Rh1 69. Kb2 Rb1+ 70. Kc2 f3 71. Kxb1 f2 72. Kc2 f1=Q 73. Kb3 Ke3 74. Kc2 Qd3+ 75. Kd1 Bc3+ 76. Kc1 Qd2+ 77. Kb1 Qb2# 0-1


[Site "https://www.chess.com"]

[Event "Titled Tuesday Blitz March 08 Late 2022"]
[White "Bibasa, Bob"]
[Black "Shuvalova, Polina"]
[WhiteFideId "10000240"]
[BlackFideId "24171760"]
[WhiteElo "2056"]
[BlackElo "2355"]
[Result "0-1"]
[Round "05"]
[TimeControl "180+1"]
[Date "2022.03.09"]
[WhiteClock "0:00:15"]
[BlackClock "0:00:32"]

1. e4 c5 2. Nf3 d6 3. d4 cxd4 4. Nxd4 Nf6 5. f3 e5 6. Nb3 a5 7. c4 Nxe4 8. Be3 Nf6 9. Nc3 Nc6 10. Bd3 Be7 11. O-O O-O 12. Nd2 Be6 13. Nde4 Nb4 14. a3 Nxd3 15. Qxd3 Rc8 16. b3 a4 17. Nxa4 d5 18. Nxf6+ Bxf6 19. cxd5 e4 20. Qxe4 Bxd5 21. Qb4 Bxa1 22. Rxa1 Re8 23. Bd4 Rc2 24. Nc3 Bxf3 25. Bf2 Qg5 26. g3 Bc6 27. Qd4 Rxc3 28. h4 Rxg3+ 29. Kf1 Rg1+ 30. Bxg1 Qg2# 0-1


[Site "https://www.chess.com"]

[Event "Titled Tuesday Blitz March 08 Late 2022"]
[White "Burke, Paul"]
[Black "Avazkhonov, Alikhon"]
[WhiteFideId "2605767"]
[BlackFideId "14208504"]
[WhiteElo "1889"]
[BlackElo "1739"]
[Result "0-1"]
[Round "05"]
[TimeControl "180+1"]
[Date "2022.03.09"]
[WhiteClock "0:01:03"]
[BlackClock "0:00:08"]

1. e4 c6 2. d4 d5 3. Nc3 dxe4 4. f3 exf3 5. Nxf3 Bf5 6. Bc4 Nf6 7. O-O e6 8. Ne5 Bg6 9. Nxg6 hxg6 10. Be3 Bd6 11. g3 Nbd7 12. Qe2 Qc7 13. d5 Bxg3 14. hxg3 Qxg3+ 15. Qg2 Qxe3+ 16. Rf2 cxd5 17. Bb5 O-O-O 18. Kf1 Ne5 19. Re1 Qd4 20. Rd1 Qc5 21. Be2 Rh4 22. Ke1 Qe3 23. Nb5 Nfg4 24. Rf1 Rh2 0-1


[Site "https://www.chess.com"]